 Dungeon Crawl Stone Soup version 0.18.1-50-g88ac8fd (console) character file.

10558 Kloppie the Severer (level 11, -2/104 HPs)
             Began as a Hill Orc Berserker on Sept 16, 2016.
             Was a High Priest of Trog.
             Slain by a blink frog (11 damage)
             ... on level 3 of the Lair of Beasts on Sept 18, 2016.
             The game lasted 00:15:39 (12070 turns).

Kloppie the Severer (Hill Orc Berserker)           Turns: 12070, Time: 00:15:39

Health: -2/104     AC: 13    Str: 24    XL:     11   Next: 64%
Magic:  11/11      EV: 12    Int:  7    God:    Trog [*****.]
Gold:   456        SH:  0    Dex: 10    Spells: 0 memorised, 10 levels left

rFire  . . .     SeeInvis .     a - +1 war axe
rCold  . . .     Gourm    .     G - +0 scale mail
rNeg   + . .     Faith    +     (no shield)
rPois  .         Spirit   .     y - +0 helmet
rElec  .         Dismiss  .     O - +0 cloak
rCorr  .         Reflect  .     g - +1 pair of gloves
SustAt .         Harm     .     (no boots)
MR     .....                    w - amulet of faith
Stlth  ..........               A - +2 ring of evasion
                                n - ring of positive energy

@: not resistant to hostile enchantments, extremely unstealthy
A: no striking features
a: Berserk, Trog's Hand, Brothers in Arms, Burn Spellbooks, Renounce Religion


You were on level 3 of the Lair of Beasts.
You worshipped Trog.
Trog was extremely pleased with you.
You were very hungry.

You visited 2 branches of the dungeon, and saw 11 of its levels.

You collected 456 gold pieces.

Inventory:

Hand Weapons
 a - a +1 war axe (weapon)
 b - a +2 trident of flaming
Armour
 g - a +1 pair of gloves (worn)
 y - a +0 helmet (worn)
 G - a +0 scale mail (worn)
 O - a +0 cloak (worn)
Jewellery
 e - an uncursed ring of ice
 n - a ring of positive energy (left hand)
 w - an amulet of faith (around neck)
 A - a +2 ring of evasion (right hand)
Wands
 C - a wand of iceblast (6/15)
 E - a wand of digging (18/24)
 M - a wand of lightning (7/15)
Scrolls
 f - a scroll of enchant armour
 k - 5 scrolls of remove curse
 l - 3 scrolls of magic mapping
 m - 3 scrolls of blinking
 v - 2 scrolls of enchant weapon
 B - 2 scrolls of teleportation
 J - 3 scrolls of random uselessness
Potions
 d - 4 potions of curing
 h - 5 potions of might
 i - a potion of haste
 p - a potion of heal wounds
 q - 2 potions of flight
 t - a potion of invisibility
 D - 4 potions of degeneration {unknown}
 K - a potion of agility {unknown}
Books
 r - a book of Summonings

   Spells                             Type                      Level
   a - Recall                         Summoning/Translocation      3
   b - Aura of Abjuration             Summoning                    5
   c - Summon Demon                   Summoning                    5
   d - Summon Forest                  Summoning/Translocation      5
   e - Summon Mana Viper              Hexes/Summoning              5
   f - Shadow Creatures               Summoning                    6
   Trog disapproves of the use of such an item.
Comestibles
 c - 9 bread rations
 j - a beef jerky
 s - 2 slices of pizza
 N - 3 meat rations


   Skills:
 + Level 12.2 Fighting
 + Level 16.0 Axes
 - Level 9.0 Armour
 - Level 1.5 Dodging


You had 10 spell levels left.
You didn't know any spells.

Dungeon Overview and Level Annotations

Branches:
Dungeon (8/15)             Temple (0/1) D:7            Lair (3/8) D:8
  Swamp: Lair:3-6    Shoals: Lair:3-6     Snake: Lair:3-6    Spider: Lair:3-6

Altars:
Ashenzari
Cheibriados
Fedhas
Gozag
Kikubaaqudgha
Nemelex Xobeh
Okawaru
Qazlal
Ru
Sif Muna
Trog
Vehumet
Xom
Yredelemnul
The Shining One

Shops:
D:7 (   D:8 (

Annotations:
D:5 Prince Ribbit


Message History

Your Axes skill increases to level 16!
You hit the blink frog but do no damage.
The blink frog is almost dead.
You slash the blink frog!
The blink frog is moderately wounded.
You closely miss the blink frog.
The blink frog is moderately wounded.
The blink frog barely misses you. The blink frog hits you!
* * * LOW HITPOINT WARNING * * *
The blink frog hits you!
* * * LOW HITPOINT WARNING * * *
You slice the blink frog!!
You kill the blink frog!
Trog accepts your kill.
You slash the blink frog!
The blink frog is severely wounded.
You slash the blink frog!
The blink frog is heavily wounded.
The blink frog hits you!
You die...

♣♣♣ ♣♣♣♣♣ ...... ♣...
....♣ ♣...>.... ♣...
....♣ ♣.......##
♣..######..♣♣♣........#
♣..#⌠...#..♣♣........#
♣..'....#............# #
♣..'..<.#............#..
♣(.'....#...............
♣..#⌠...#..♣♣...@F.....#
♣..######..♣♣♣.†.F......
♣..........♣ ♣..........
♣..........♣ ♣.........P
♣♣♣♣♣♣♣♣♣♣♣♣ ♣.........#
....$...#.# .........# .
..........# ...........#


You could see 2 blink frogs.

Vanquished Creatures
  9 spiny frogs
  2 komodo dragons
  7 blink frogs
  Sigmund (D:4)
  A wyvern (Lair:1)
  2 basilisks
  2 hippogriffs
  5 porcupines
  7 water moccasins
  Duvessa (D:7)
  2 orc warriors
  2 sky beasts
  A black bear (Lair:2)
  2 necrophages
  3 ice beasts
  An ogre (D:5)
  A phantom (D:6)
  3 wolves (Lair:2)
  3 centaurs
  A big kobold (D:8)
  7 crocodiles
  3 giant frogs
  Blork the orc (D:5)
  A gnoll sergeant (D:5)
  Dowan (D:7)
  2 scorpions
  The ghost of Apert the Shield-Bearer, a weakling HOFi (D:3)
  A howler monkey (D:7)
  2 electric eels (Lair:1)
  2 crimson imps (D:5)
  3 hounds
  2 orc priests (D:5)
  2 jellies
  8 orc wizards
  A centaur skeleton (D:6)
  A giant frog skeleton (D:8)
  5 iguanas
  Ijyb (D:2)
  5 worker ants
  2 killer bee zombies
  7 sheep (Lair:1)
  2 hound skeletons
  A howler monkey zombie (D:7)
  A worker ant zombie (D:5)
  Robin (D:4)
  7 gnolls
  7 adders
  A shadow imp (D:6)
  2 oozes
  An adder zombie (D:6)
  2 worms
  4 dart slugs
  2 giant geckos
  32 orcs
  20 goblins
  9 hobgoblins
  12 jackals
  5 quokkas
  A ball python (D:7)
  4 bats
  3 giant newts
  A jackal skeleton (D:6)
  9 kobolds
  A quokka skeleton (D:6)
  A quokka zombie (D:8)
  8 rats
  A fungus (Lair:2)
  A plant (Lair:2)
253 creatures vanquished.

Vanquished Creatures (others)
  An orc wizard (D:5)
1 creature vanquished.

Grand Total: 254 creatures vanquished

Notes
Turn   | Place    | Note
--------------------------------------------------------------
     0 | D:1      | Kloppie the Hill Orc Berserker began the quest for the Orb.
     0 | D:1      | Reached XP level 1. HP: 19/19 MP: 1/1
   157 | D:1      | Found a shattered altar of Ashenzari.
   170 | D:1      | Reached XP level 2. HP: 23/27 MP: 2/2
   558 | D:1      | Reached XP level 3. HP: 29/33 MP: 3/3
   777 | D:2      | Found a sparkling altar of Nemelex Xobeh.
   979 | D:2      | Noticed Ijyb
   980 | D:2      | Reached ** piety under Trog
  1004 | D:2      | Killed Ijyb
  1004 | D:2      | Reached skill level 5 in Fighting
  1004 | D:2      | Reached skill level 5 in Axes
  1004 | D:2      | Reached XP level 4. HP: 26/42 MP: 4/4
  1005 | D:2      | Found a snail-covered altar of Cheibriados.
  1252 | D:2      | Found a shimmering altar of Xom.
  1264 | D:2      | Found a shimmering altar of Xom.
  1614 | D:3      | Reached skill level 6 in Axes
  1614 | D:3      | Reached XP level 5. HP: 31/48 MP: 5/5
  1618 | D:3      | Noticed Apert's ghost (weakling HOFi)
  1676 | D:3      | Killed Apert's ghost
  2370 | D:3      | Found a blossoming altar of Fedhas.
  2376 | D:3      | Found a radiant altar of Vehumet.
  2768 | D:3      | Reached XP level 6. HP: 54/57 MP: 6/6
  2975 | D:4      | Noticed Robin
  2981 | D:4      | Noticed a necrophage
  2983 | D:4      | Noticed Sigmund
  2985 | D:4      | Reached *** piety under Trog
  2991 | D:4      | Killed Robin
  2992 | D:4      | Killed a necrophage
  2992 | D:4      | Reached skill level 7 in Axes
  2999 | D:4      | HP: 1/85 [something (16)]
  3000 | D:4      | Killed Sigmund
  3000 | D:4      | Reached XP level 7. HP: 1/65 MP: 7/7
  3479 | D:4      | Found a bloodstained altar of Trog.
  3529 | D:4      | Reached skill level 8 in Axes
  3807 | D:4      | Found a basalt altar of Yredelemnul.
  3831 | D:4      | Found an opulent altar of Gozag.
  3834 | D:4      | Found a bloodstained altar of Trog.
  3837 | D:4      | Found an iron altar of Okawaru.
  3866 | D:4      | Found a glowing golden altar of the Shining One.
  4147 | D:5      | Entered Level 5 of the Dungeon
  4304 | D:5      | Reached skill level 9 in Axes
  4304 | D:5      | Reached XP level 8. HP: 44/73 MP: 8/8
  5008 | D:5      | Reached **** piety under Trog
  5306 | D:5      | Reached skill level 10 in Axes
  5362 | D:5      | Noticed Prince Ribbit
  5363 | D:5      | Noticed Blork the orc
  5378 | D:5      | Killed Blork the orc
  5586 | D:5      | Received a gift from Trog
  6252 | D:6      | Found a deep blue altar of Sif Muna.
  6458 | D:6      | Reached skill level 11 in Axes
  6458 | D:6      | Reached XP level 9. HP: 55/83 MP: 9/9
  6843 | D:7      | Found an ancient bone altar of Kikubaaqudgha.
  6985 | D:7      | Reached skill level 5 in Armour
  7325 | D:7      | Found a staircase to the Ecumenical Temple.
  7424 | D:7      | Found Opoytel's Weapon Shop.
  7472 | D:7      | Noticed Duvessa
  7472 | D:7      | Noticed Dowan
  7490 | D:7      | Killed Duvessa
  7491 | D:7      | Killed Dowan
  7647 | D:7      | Found a stormy altar of Qazlal.
  7829 | D:8      | Found a staircase to the Lair.
  7921 | D:8      | Reached skill level 12 in Axes
  8217 | D:8      | Found a sacrificial altar of Ru.
  8218 | D:8      | Found Ownyuc's Antique Weapon Shoppe.
  8288 | D:8      | Reached ***** piety under Trog
  8603 | Lair:1   | Entered Level 1 of the Lair of Beasts
  8769 | Lair:1   | Reached XP level 10. HP: 74/91 MP: 10/10
  8846 | Lair:1   | Reached skill level 13 in Axes
  9802 | Lair:1   | Noticed a spiny frog
  9809 | Lair:1   | Killed a spiny frog
  9810 | Lair:1   | Reached skill level 14 in Axes
  9908 | Lair:2   | Noticed a spiny frog
  9926 | Lair:2   | Killed a spiny frog
 10298 | Lair:2   | Reached skill level 10 in Fighting
 10307 | Lair:2   | Received a gift from Trog
 10338 | Lair:2   | Reached XP level 11. HP: 32/101 MP: 11/11
 10474 | Lair:2   | Reached skill level 15 in Axes
 12069 | Lair:3   | Reached skill level 16 in Axes
 12070 | Lair:3   | Slain by a blink frog

Skill      XL: |  1  2  3  4  5  6  7  8  9 10 11 |
---------------+----------------------------------+-----
Fighting       | 4 5 6 7 8 9 10 12 | 12.2
Axes           | 5 6 7 9 11 12 14 16 | 16.0
Armour         | 3 7 9 |  9.0
Dodging        | |  1.5

Action                   |  1- 3 |  4- 6 |  7- 9 | 10-12 || total
-------------------------+-------+-------+-------+-------++-------
Melee: Hand axe          |    95 |   127 |   319 |       ||   541
       War axe           |       |       |   232 |   275 ||   507
Invok: Berserk           |       |     4 |     6 |     2 ||    12
       Trog's Hand       |       |     3 |     6 |     5 ||    14
  Use: Scroll            |       |       |    12 |     7 ||    19
       Potion            |       |       |     1 |       ||     1
 Stab: Distracted        |       |       |       |     1 ||     1
  Eat: Chunk             |       |     5 |    22 |     7 ||    34
       Meat ration       |       |     1 |       |     1 ||     2
       Bread ration      |       |       |     1 |       ||     1
       Fruit             |       |       |       |     1 ||     1
Armor: Animal skin       |    20 |    25 |    23 |       ||    68
       Ring mail         |       |       |    34 |       ||    34
       Scale mail        |       |       |    94 |    93 ||   187
Dodge: Dodged            |    49 |    88 |   312 |   154 ||   603
